[Event "Team 45 45 League T56"]
[Site "Internet Chess Club"]
[Date "2013.03.14"]
[Round "4"]
[White "cBishop"]
[Black "ealps"]
[Result "1-0"]
[WhiteElo "1673"]
[BlackElo "1535"]
[Opening "Sicilian: Najdorf, Lipnitzky attack"]
[ECO "B90"]
[Time "11:06:36"]
[TimeControl "2700+45"]

1. e4 c5 2. Nf3 d6 3. d4 cxd4 4. Nxd4 Nf6 5. Nc3 a6 6. Bc4 Nc6 7. O-O e6 8. Kh1
Be7 9. Be3 O-O 10. f3 Bd7 11. Qe1 Rc8 12. Bb3 b5 13. a3 Ne5 14. Rd1 Nc4 15. Bc1
Re8 16. Nce2 Qc7 17. c3 d5 18. exd5 Nxd5 19. Ng3 Bh4 20. Bc2 Bxg3 21. hxg3 Qe5
22. Qxe5 Nxe5 23. Rfe1 Nc6 24. Kg1 Nf6 25. Kf2 Ne7 26. Bd3 Nc6 27. Nb3 Rcd8 28.
Bg5 Bc8 29. Bxf6 gxf6 30. f4 Kg7 31. Rh1 f5 32. Be2 e5 33. Rxd8 Rxd8 34. Rd1 Kf6
35. Ke3 exf4+ 36. gxf4 Rxd1 37. Bxd1 Ne7 38. Bf3 Ke6 39. Kd4 Kd6 40. Nc5 Ng6 41.
g3 Nf8 42. Nd3 Ne6+ 43. Ke3 Nc5 44. Nxc5 Kxc5 45. Kd3 Be6 46. b4+ Kb6 47. Kd4 f6
48. Bd5 Bd7 49. Bg8 h6 50. Kd5 Kc7 51. Kc5 Be8 52. c4 Bd7 53. cxb5 axb5 54. Bd5
h5 55. Bf3 Be8 56. Be2 Kb7 57. Bxb5 Bf7 58. a4 Kc7 59. a5 {Black resigns} 1-0

[Event "Team 45 45 League T56"]
[Site "Internet Chess Club"]
[Date "2013.03.17"]
[Round "4"]
[White "parrot9"]
[Black "cepheid"]
[Result "1/2-1/2"]
[WhiteElo "1646"]
[BlackElo "1627"]
[Opening "Sicilian: accelerated fianchetto, Maróczy bind"]
[ECO "B36"]
[Time "13:01:17"]
[TimeControl "2700+45"]

1. e4 c5 2. Nf3 g6 3. d4 cxd4 4. Nxd4 Nc6 5. c4 Nf6 6. Nc3 d6 7. Be2 Nxd4 8.
Qxd4 Bg7 9. Be3 O-O 10. Qd2 Qa5 11. O-O Be6 12. Rad1 Rfc8 13. b3 Kf8 14. f4 Bg4
15. Bxg4 Nxg4 16. Bd4 Nf6 17. f5 Kg8 18. Qe2 Rf8 19. Nd5 Nxd5 20. Bxg7 Kxg7 21.
exd5 Rae8 22. Qb2+ Kg8 23. f6 Qc5+ 24. Qd4 Qxd4+ 25. Rxd4 exf6 26. Rxf6 Rd8 27.
Re4 Kg7 28. Rff4 Rfe8 29. Kf2 f5 30. Re3 Kf6 31. h4 b6 32. g4 h6 33. gxf5 gxf5
34. Rd4 Rxe3 35. Kxe3 Re8+ 36. Kf3 Ke5 37. Rd2 Kf6 38. Rg2 a6 39. h5 Re1 40.
Rg6+ Ke7 41. Rxh6 Rf1+ 42. Ke2 Rg1 43. Re6+ Kd7 44. Ke3 Rh1 45. h6 Rh4 46. Rf6
Ke7 47. Re6+ Kd7 48. Kf3 Rh5 49. Kf4 a5 50. Rf6 Ke7 51. Re6+ Kd7 52. Rg6 Ke7 53.
Rg7+ Kf6 54. Rb7 Rxh6 55. Rxb6 Rh4+ 56. Kg3 Rg4+ 57. Kf3 Ke5 58. Ra6 f4 59. Rxa5
Rg3+ 60. Kf2 Ke4 61. Ra8 Rh3 62. Re8+ Kd4 63. Re6 Kc5 64. Kg2 Rc3 65. Re4 Rc2+
66. Kf3 Rxa2 67. Kxf4 Rb2 68. Re3 Kd4 69. Rg3 Rf2+ 70. Kg5 Kc5 71. Rg1 Kb4 72.
Rb1 Rf3 73. Kg4 Rf8 74. Kg5 Rf3 75. Kg6 Rf4 76. Re1 Kxb3 77. Re6 Kxc4 78. Rxd6
Rd4 79. Kf6 Rxd5 80. Rxd5 Kxd5 {Game drawn because neither player has mating
material} 1/2-1/2

[Event "Team 45 45 League T56"]
[Site "Internet Chess Club"]
[Date "2013.03.18"]
[Round "4"]
[White "dscvdchk"]
[Black "Lumumba"]
[Result "1-0"]
[WhiteElo "1493"]
[BlackElo "1439"]
[Opening "QGD: Chigorin defense"]
[ECO "D07"]
[Time "12:11:18"]
[TimeControl "2700+45"]

1. d4 d5 2. c4 Nc6 3. Nc3 Nf6 4. Nf3 dxc4 5. e4 e5 6. d5 Ne7 7. Bxc4 Ng6 8. O-O
a6 9. Bg5 b5 10. Bd3 Bd6 11. a3 O-O 12. h3 h6 13. Be3 Re8 14. Qc2 Bd7 15. Rfe1
Qc8 16. Bf1 Nxe4 17. Nxe4 Bf5 18. Nfd2 Nf4 19. Nxd6 Bxc2 20. Nxc8 Raxc8 21. Rac1
Bf5 22. Bxf4 exf4 23. Rxe8+ Rxe8 24. Rxc7 {Black resigns} 1-0

[Event "Team 45 45 League T56"]
[Site "Internet Chess Club"]
[Date "2013.03.18"]
[Round "4"]
[White "calsal"]
[Black "BYOB69"]
[Result "0-1"]
[WhiteElo "1528"]
[BlackElo "1814"]
[Opening "Pirc: 150 attack"]
[ECO "B07"]
[Time "21:00:35"]
[TimeControl "2700+45"]

1. e4 d6 2. d4 Nf6 3. Nc3 g6 4. Be3 c6 5. Qd2 b5 6. Bd3 Nbd7 7. Nf3 Nb6 8. O-O-O
Nc4 9. Bxc4 bxc4 10. d5 cxd5 11. Nxd5 Bg7 12. e5 Ne4 13. Qd4 Nc5 14. Qxc4 Ba6
15. Qh4 Rc8 16. Bg5 Nd3+ 17. Kb1 Nxe5 {White forfeits on time} 0-1

[Event "Team 45 45 League T56"]
[Site "Internet Chess Club"]
[Date "2013.03.15"]
[Round "4"]
[White "elessar"]
[Black "bookseller"]
[Result "1/2-1/2"]
[WhiteElo "1623"]
[BlackElo "1653"]
[Opening "Ruy Lopez: fianchetto (Smyslov/Barnes) defense"]
[ECO "C60"]
[Time "15:01:53"]
[TimeControl "2700+45"]

1. e4 e5 2. Nf3 Nc6 3. Bb5 g6 4. c3 a6 5. Ba4 d6 6. Qe2 b5 7. Bc2 Bg7 8. d3 Nge7
9. Bg5 h6 10. Bxe7 Qxe7 11. O-O O-O 12. Nbd2 Be6 13. Rfe1 d5 14. exd5 Bxd5 15.
d4 Rfe8 16. dxe5 Nxe5 17. Nxe5 Qxe5 18. Qxe5 Rxe5 19. Rxe5 Bxe5 20. Be4 Bxe4 21.
Nxe4 Rd8 22. h3 Rd5 23. Kf1 f5 24. f4 fxe4 25. fxe5 Rxe5 26. Rd1 Re7 27. Ke2 Kf7
28. Ke3 {Game drawn by mutual agreement} 1/2-1/2

[Event "Team 45 45 League T56"]
[Site "Internet Chess Club"]
[Date "2013.03.15"]
[Round "4"]
[White "pkraus"]
[Black "Hal2001"]
[Result "1/2-1/2"]
[WhiteElo "1582"]
[BlackElo "1623"]
[Opening "Modern defense"]
[ECO "A40"]
[Time "16:03:48"]
[TimeControl "2700+45"]

1. d4 g6 2. c4 Bg7 3. Nf3 c5 4. d5 d6 5. e4 e5 6. Nc3 Nd7 7. Be2 Ne7 8. Qc2 a6
9. Be3 O-O 10. O-O f5 11. Ng5 Nf6 12. exf5 Nxf5 13. Qd3 Qe7 14. Nce4 Nxe3 15.
fxe3 Bd7 16. a4 Nxe4 17. Nxe4 Rxf1+ 18. Bxf1 Bf5 19. g3 Rb8 20. Bg2 Qd7 21. Qd2
Bxe4 22. Bxe4 Qg4 23. Qg2 Bh6 24. Re1 b5 25. axb5 axb5 26. b3 b4 27. Qf3 Qxf3
28. Bxf3 Ra8 29. e4 Ra3 {Game drawn by mutual agreement} 1/2-1/2

[Event "Team 45 45 League T56"]
[Site "Internet Chess Club"]
[Date "2013.03.14"]
[Round "4"]
[White "ricnic"]
[Black "BotanicalKnight"]
[Result "1-0"]
[WhiteElo "1460"]
[BlackElo "1435"]
[Opening "Dutch"]
[ECO "A80"]
[Time "20:03:44"]
[TimeControl "2700+45"]

1. d4 f5 2. Bf4 e6 3. e3 d5 4. Nf3 Nf6 5. h3 Be7 6. Be2 O-O 7. Ne5 Nbd7 8. c3
Nxe5 9. dxe5 Ne4 10. Nd2 c5 11. Nxe4 fxe4 12. O-O Bd7 13. c4 Bc6 14. cxd5 exd5
15. Bh5 b5 16. Qg4 Kh8 17. e6 g6 18. Bxg6 hxg6 19. Qxg6 Be8 20. Qh6+ Kg8 21.
Rfd1 Rf5 22. g4 Bf8 23. e7 Qxe7 24. Qa6 Rf6 25. Qa5 Qf7 26. Rd2 Bd6 27. Bxd6
Rxd6 28. Qc3 Rc8 29. Qe5 Rcc6 30. Rad1 Qf3 31. Qxe8+ Kg7 32. Qe7+ Kg8 33. Qg5+
Kf8 34. Rxd5 Rxd5 35. Rxd5 Rf6 36. Qh4 Ke7 37. Qg3 Qxg3+ 38. fxg3 Rf3 39. Rxc5
Rxe3 40. Rxb5 Rxg3+ 41. Kh2 Re3 42. g5 Re2+ 43. Kg3 Kf7 44. a4 Re1 45. b4 Kg6
46. Kf4 e3 47. Re5 e2 48. Kf3 Rf1+ 49. Kxe2 Rf5 50. Rxf5 Kxf5 51. h4 a6 52. Kd3
Kg6 53. b5 axb5 54. axb5 {Black resigns} 1-0

[Event "Team 45 45 League T56"]
[Site "Internet Chess Club"]
[Date "2013.03.16"]
[Round "4"]
[White "Shijith"]
[Black "chiiwen"]
[Result "1/2-1/2"]
[WhiteElo "2065"]
[BlackElo "2131"]
[Opening "QGD Slav: 4.Nc3"]
[ECO "D15"]
[Time "21:01:07"]
[TimeControl "2700+45"]

1. d4 d5 2. c4 c6 3. Nf3 Nf6 4. Nc3 a6 5. cxd5 cxd5 6. Bg5 Ne4 7. Bf4 Nc6 8. e3
Bg4 9. Bd3 Nxc3 10. bxc3 Rc8 11. O-O e6 12. h3 Bh5 13. Qe2 Na5 14. Rfc1 Ba3 15.
Rc2 Bg6 16. Bxg6 hxg6 17. e4 Nc4 18. Rb1 b5 19. Ne5 O-O 20. Nxc4 Rxc4 21. Bc1
Bxc1 22. Rbxc1 Qg5 23. e5 Rfc8 24. Qd3 Qf5 25. Qxf5 gxf5 26. Kf1 Ra4 27. Ke2 Ra3
28. Kd2 Rc4 29. Rb1 Rca4 30. Rbb2 Kh7 31. f4 Kg8 32. g4 g6 33. g5 Kf8 34. h4 Ke7
35. Kc1 Rc4 36. Rb3 Raa4 37. Kb2 b4 38. a3 bxa3+ 39. Rxa3 Rxa3 40. Kxa3 Kd7 41.
Kb3 Rc8 42. Ra2 Rh8 43. Rh2 Kc6 44. Ka4 Kb6 45. Rb2+ Ka7 46. Rh2 Rc8 47. Kb4 a5+
48. Kb3 Rh8 49. c4 dxc4+ 50. Kxc4 Kb6 51. d5 exd5+ 52. Kxd5 Rd8+ 53. Kc4 Rh8 54.
Kd5 Rd8+ 55. Kc4 Rh8 56. Kd5 {Game drawn by repetition} 1/2-1/2

[Event "Team 45 45 League T56"]
[Site "Internet Chess Club"]
[Date "2013.03.18"]
[Round "4"]
[White "bat30"]
[Black "jrobic7"]
[Result "1-0"]
[WhiteElo "1852"]
[BlackElo "1811"]
[Opening "Ruy Lopez: closed, Flohr-Zaitsev system (Lenzerheide variation)"]
[ECO "C92"]
[Time "22:08:40"]
[TimeControl "2700+45"]

1. e4 e5 2. Nf3 Nc6 3. Bb5 a6 4. Ba4 Nf6 5. O-O Be7 6. Re1 b5 7. Bb3 d6 8. c3
O-O 9. h3 Bb7 10. d4 Re8 11. a4 Bf8 12. Nbd2 h6 13. Bc2 exd4 14. cxd4 Nb4 15.
Bb1 c5 16. d5 Nd7 17. Nf1 f5 18. exf5 Rxe1 19. Qxe1 Bxd5 20. Be4 Qe8 21. Bxd5+
Nxd5 22. Qd1 N7f6 23. Ne3 Nxe3 24. Bxe3 d5 25. Qc2 Rc8 26. axb5 axb5 27. Ra6 Qe4
28. Qxe4 Nxe4 29. Kf1 Re8 30. Ra5 b4 31. Nd2 Ng3+ 32. fxg3 Rxe3 33. Nf3 Rb3 34.
Ra8 Re3 35. Nh4 Kf7 36. Ng6 Bd6 37. Rd8 Bxg3 38. Rf8# {Black checkmated} 1-0

[Event "Team 45 45 League T56"]
[Site "Internet Chess Club"]
[Date "2013.03.17"]
[Round "4"]
[White "bahamapapa"]
[Black "kabindra"]
[Result "1-0"]
[WhiteElo "1754"]
[BlackElo "1778"]
[Opening "King's Indian: Four pawns attack"]
[ECO "E76"]
[Time "12:04:44"]
[TimeControl "2700+45"]

1. d4 g6 2. c4 d6 3. Nc3 Bg7 4. e4 Nf6 5. f4 e6 6. Nf3 O-O 7. Be2 Nc6 8. O-O Re8
9. h3 Nh5 10. Kh2 e5 11. fxe5 dxe5 12. d5 Nd4 13. Be3 Nxe2 14. Qxe2 Nf4 15. Qd2
Nh5 16. Ng5 Rf8 17. Rf2 h6 18. Nf3 g5 19. g3 Qe7 20. Raf1 Bd7 21. h4 gxh4 22.
Nxh4 Nf6 23. Nf5 Bxf5 24. Rxf5 Ng4+ 25. Kg2 Nxe3+ 26. Qxe3 Rad8 27. c5 b6 28. b4
bxc5 29. bxc5 Rb8 30. Rb1 Rxb1 31. Nxb1 Rb8 32. Qc1 Rb4 33. Nd2 Qd7 34. c6 Qc8
35. Qf1 Rb2 36. Qc1 Qb8 37. d6 Rxa2 38. d7 Bf8 39. Kh3 Bd6 40. Qc4 Rxd2 41.
Qxf7+ Kh8 42. Qe8+ {Black resigns} 1-0

[Event "Team 45 45 League T56"]
[Site "Internet Chess Club"]
[Date "2013.03.15"]
[Round "4"]
[White "chrisgu"]
[Black "charles-allen"]
[Result "0-1"]
[WhiteElo "1982"]
[BlackElo "1888"]
[Opening "English opening: Agincourt variation"]
[ECO "A13"]
[Time "21:31:59"]
[TimeControl "2700+45"]

1. c4 e6 2. Nf3 d5 3. g3 c5 4. Bg2 Nc6 5. O-O Nf6 6. b3 Be7 7. e3 d4 8. exd4
cxd4 9. d3 O-O 10. Na3 e5 11. Nc2 Qc7 12. Re1 Re8 13. Rb1 Nb4 14. Nxe5 Nxc2 15.
Qxc2 Bb4 16. Bf4 Bxe1 17. Rxe1 g5 18. Qd2 gxf4 19. Qxf4 Nh5 20. Qxd4 Bf5 21. g4
f6 22. Bd5+ Kh8 23. Nf7+ Kg7 24. Rxe8 Rxe8 25. gxh5 Bh3 26. f4 Qd7 27. f5 Qxf5
28. h6+ Kf8 29. Qf2 Qg4+ 30. Kh1 Qd1+ {White resigns} 0-1

[Event "Team 45 45 League T56"]
[Site "Internet Chess Club"]
[Date "2013.03.15"]
[Round "4"]
[White "j65536d"]
[Black "JustinL"]
[Result "0-1"]
[WhiteElo "1826"]
[BlackElo "1863"]
[Opening "KGA: Abbazia defense, modern variation"]
[ECO "C31"]
[Time "19:00:47"]
[TimeControl "2700+45"]

1. e4 e5 2. f4 d5 3. exd5 exf4 4. Nf3 Nf6 5. Bc4 Nxd5 6. O-O Be6 7. Re1 Be7 8.
d4 O-O 9. Nbd2 Ne3 10. Qe2 Nxc2 11. Bxe6 Nxe1 12. Qxe1 fxe6 13. Qxe6+ Kh8 14.
Nc4 Nc6 15. d5 Bc5+ 16. Kf1 Nb4 17. d6 cxd6 18. Bd2 Qe8 19. Qg4 Nd3 20. Bc3 Qf7
21. Ncd2 Rae8 22. Nh4 Qe7 23. Ne4 Ne5 24. Qh5 Qf7 25. Qd1 Nc4 {White resigns}
0-1

[Event "Team 45 45 League T56"]
[Site "Internet Chess Club"]
[Date "2013.03.15"]
[Round "4"]
[White "PawnPusher3"]
[Black "PJ"]
[Result "1-0"]
[WhiteElo "1766"]
[BlackElo "1659"]
[Opening "Ruy Lopez: closed, Chigorin defense"]
[ECO "C97"]
[Time "17:01:22"]
[TimeControl "2700+45"]

1. e4 e5 2. Nf3 Nc6 3. Bb5 a6 4. Ba4 Nf6 5. O-O Be7 6. Re1 b5 7. Bb3 d6 8. c3
O-O 9. h3 Na5 10. Bc2 c5 11. d4 Qc7 12. Bg5 h6 13. Bh4 g5 14. Bg3 Nc6 15. d5 Nd8
16. a4 Rb8 17. axb5 axb5 18. Nbd2 Nh7 19. b4 c4 20. Nf1 g4 21. hxg4 Bxg4 22. Ne3
Bd7 23. Nh4 Bxh4 24. Bxh4 f6 25. Qh5 Kg7 26. Nf5+ Bxf5 27. Qxf5 Rb7 28. Bd1 Qd7
29. Qxd7+ Rxd7 30. Bg4 Rb7 31. Ra6 Nf7 32. Rea1 Rfb8 33. f3 Kf8 34. Be6 Rd8 35.
Ra7 Rxa7 36. Rxa7 Nfg5 37. Bf5 Kg8 38. Rd7 {Black resigns} 1-0

[Event "Team 45 45 League T56"]
[Site "Internet Chess Club"]
[Date "2013.03.17"]
[Round "4"]
[White "scottk74"]
[Black "Goli"]
[Result "0-1"]
[WhiteElo "1647"]
[BlackElo "1840"]
[Opening "Robatsch (modern) defense"]
[ECO "B06"]
[Time "17:01:43"]
[TimeControl "2700+45"]

1. e4 g6 2. d4 Bg7 3. Be3 d6 4. Nc3 Nf6 5. f3 O-O 6. Qd2 a6 7. O-O-O Nc6 8. g4
e5 9. d5 Nd4 10. h4 h5 11. gxh5 Nxh5 12. Bh6 Kh7 13. Bxg7 Kxg7 14. Nce2 Nxe2+
15. Nxe2 Qf6 16. Bg2 Bd7 17. Qg5 Bb5 18. Qxf6+ Kxf6 19. Nc3 Bd7 20. Bh3 Ke7 21.
Bxd7 Kxd7 22. Ne2 Rh8 23. Rdg1 c6 24. dxc6+ bxc6 25. Rg4 Nf6 26. Rgg1 Rh7 27.
Rh2 Rah8 28. Rgh1 g5 29. h5 Rxh5 30. Rxh5 Rxh5 31. Rxh5 Nxh5 32. Kd2 Ng7 33. b4
Ne6 34. a4 Nc7 35. c4 f6 36. Kd3 d5 37. Nc3 dxc4+ 38. Kxc4 Ne6 39. Ne2 Kd6 40.
Kd3 c5 41. b5 axb5 42. axb5 Nd4 43. Nxd4 cxd4 44. Kc4 Kc7 45. Kd3 Kb7 46. Kc4
Kb6 47. Kb4 Kb7 48. Kc4 Ka7 49. Kd3 Kb6 50. Kc4 Ka5 51. Kd3 Kxb5 52. Ke2 Kc4 53.
Kd2 d3 54. Kd1 Kc3 55. Ke1 Kc2 56. Kf2 d2 57. Ke2 d1=Q+ 58. Kf2 Kd3 59. Kg3 Ke3
60. Kg4 Qxf3# {White checkmated} 0-1

[Event "Team 45 45 League T56"]
[Site "Internet Chess Club"]
[Date "2013.03.15"]
[Round "4"]
[White "room-matt"]
[Black "byebyebadman"]
[Result "1/2-1/2"]
[WhiteElo "1786"]
[BlackElo "1861"]
[Opening "Sicilian: accelerated fianchetto, modern variation with Bc4"]
[ECO "B35"]
[Time "16:10:47"]
[TimeControl "2700+45"]

1. e4 c5 2. Nf3 g6 3. d4 cxd4 4. Nxd4 Nc6 5. Nc3 Bg7 6. Be3 Nf6 7. Bc4 Qa5 8.
O-O O-O 9. Bb3 d6 10. h4 Ng4 11. Nd5 Qd8 12. c3 Nxd4 13. cxd4 Nxe3 14. Nxe3 e5
15. dxe5 Bxe5 16. f4 Qb6 {Game drawn by mutual agreement} 1/2-1/2

[Event "Team 45 45 League T56"]
[Site "Internet Chess Club"]
[Date "2013.03.18"]
[Round "4"]
[White "Gorongonde"]
[Black "tsia68"]
[Result "1/2-1/2"]
[WhiteElo "1680"]
[BlackElo "1750"]
[Opening "French: exchange variation"]
[ECO "C01"]
[Time "15:04:39"]
[TimeControl "2700+45"]

1. e4 e6 2. d4 d5 3. exd5 exd5 4. Bd3 Bd6 5. c3 c6 6. Ne2 Qc7 7. Be3 Bg4 8. f3
Bh5 9. Nd2 Bg6 10. Nf1 Ne7 11. Qd2 Bxd3 12. Qxd3 Nd7 13. Nfg3 O-O-O 14. O-O-O
Nf8 15. Nf5 Nxf5 16. Qxf5+ Qd7 17. Qxd7+ Kxd7 18. Bf4 Ng6 19. Bxd6 Kxd6 20. h4
Rde8 21. Kd2 h5 22. Rde1 Kd7 23. g3 Re7 24. Nc1 Rhe8 25. Rxe7+ Rxe7 26. Re1 Rxe1
27. Kxe1 Ke6 28. Nd3 b6 29. Ke2 Kf5 30. Nb4 Ne7 31. Ke3 f6 32. Nd3 g5 33. hxg5
fxg5 34. Nf2 h4 35. g4+ Kf6 36. Nh3 Ng6 37. f4 gxf4+ 38. Nxf4 Ne7 39. Nh3 Ng6
40. Kf3 Nf8 41. a4 a5 42. Kf4 Ng6+ 43. Kf3 Nf8 44. b3 Ng6 45. Ke3 Nf8 46. Kf3
{Game drawn by mutual agreement} 1/2-1/2

[Event "Team 45 45 League T56"]
[Site "Internet Chess Club"]
[Date "2013.03.18"]
[Round "4"]
[White "Ayensa80"]
[Black "mongmong"]
[Result "1-0"]
[WhiteElo "1749"]
[BlackElo "1554"]
[Opening "French: Paulsen variation"]
[ECO "C10"]
[Time "17:19:23"]
[TimeControl "2700+45"]

1. e4 e6 2. d4 d5 3. Nc3 a6 4. Be3 Nf6 5. e5 Nfd7 6. f4 c5 7. Nf3 Nc6 8. a3 cxd4
9. Nxd4 Nxd4 10. Bxd4 Bc5 11. Qd2 Bxd4 12. Qxd4 Qb6 13. O-O-O Qxd4 14. Rxd4 b5
15. a4 bxa4 16. Rxa4 O-O 17. Ra5 Bb7 18. Rg1 Nb8 19. Na4 Nc6 20. Rc5 Nd4 21. Nb6
Ra7 22. Bd3 Bc6 23. Kd2 Bb5 24. Ke3 Bxd3 25. Kxd3 Nb5 26. Ra1 g6 27. Rxb5 {Black
resigns} 1-0

[Event "Team 45 45 League T56"]
[Site "Internet Chess Club"]
[Date "2013.03.15"]
[Round "4"]
[White "TerryMalloy"]
[Black "carokantor"]
[Result "1/2-1/2"]
[WhiteElo "2006"]
[BlackElo "2055"]
[Opening "Caro-Kann: classical variation"]
[ECO "B18"]
[Time "20:00:22"]
[TimeControl "2700+45"]

1. e4 c6 2. d4 d5 3. Nd2 dxe4 4. Nxe4 Bf5 5. Ng3 Bg6 6. N1e2 e6 7. Nf4 Bd6 8. c3
Nf6 9. Bc4 Qc7 10. Qf3 Nbd7 11. O-O O-O 12. Re1 c5 13. Nxg6 hxg6 14. Bb3 cxd4
15. cxd4 Rac8 16. Be3 Bxg3 17. hxg3 Qc6 18. Qe2 Nb6 19. Rac1 Qd7 20. Red1 {Game
drawn by mutual agreement} 1/2-1/2

[Event "Team 45 45 League T56"]
[Site "Internet Chess Club"]
[Date "2013.03.17"]
[Round "4"]
[White "Tobiasdelmonte"]
[Black "matein7"]
[Result "0-1"]
[WhiteElo "1929"]
[BlackElo "1806"]
[Opening "Scandinavian gambit"]
[ECO "B01"]
[Time "14:01:22"]
[TimeControl "2700+45"]

1. e4 d5 2. exd5 Nf6 3. c4 c6 4. dxc6 Nxc6 5. Nf3 e5 6. Nc3 Bc5 7. Be2 e4 8. Ng5
Bf5 9. g4 Bg6 10. h4 Qd4 11. Nh3 h5 12. Nb5 Qd7 13. g5 Ng4 14. Bxg4 hxg4 15. Nf4
O-O-O 16. a3 Qf5 17. d4 exd3 18. b4 Qe4+ 19. Kd2 Qxf4+ 20. Kc3 Qe5+ 21. Kb3 Qxa1
22. Qxg4+ Rd7 23. bxc5 Qb1+ 24. Bb2 Qxh1 25. Nd6+ Kd8 26. Bxg7 Qb1+ 27. Bb2 Qc2+
28. Ka2 d2 29. Qf3 Rxd6 30. cxd6 Qxc4+ {White resigns} 0-1

[Event "Team 45 45 League T56"]
[Site "Internet Chess Club"]
[Date "2013.03.15"]
[Round "4"]
[White "Buford-Julep"]
[Black "Warpdrive"]
[Result "1/2-1/2"]
[WhiteElo "1728"]
[BlackElo "1708"]
[Opening "English, 1...Nf6 (Anglo-Indian defense)"]
[ECO "A15"]
[Time "20:00:16"]
[TimeControl "2700+45"]

1. c4 Nf6 2. g3 g6 3. Bg2 Bg7 4. Nf3 O-O 5. O-O d6 6. Nc3 e5 7. d3 Nc6 8. Rb1 a5
9. a3 h6 10. b4 axb4 11. axb4 Be6 12. b5 Ne7 13. Bd2 c6 14. Qc1 Kh7 15. bxc6
bxc6 16. Ne1 Rb8 17. Nc2 Rxb1 18. Qxb1 Qb8 19. Qb4 Qxb4 20. Nxb4 c5 21. Nc6 Nxc6
22. Bxc6 Bd7 23. Bg2 Rb8 24. Rb1 Rxb1+ 25. Nxb1 Bf8 26. Ba5 Kg8 27. Nc3 Be7 28.
Nb5 Ne8 29. Nc3 {Game drawn by mutual agreement} 1/2-1/2

[Event "Team 45 45 League T56"]
[Site "Internet Chess Club"]
[Date "2013.03.16"]
[Round "4"]
[White "vigneshv"]
[Black "bondguy01"]
[Result "1-0"]
[WhiteElo "1698"]
[BlackElo "1655"]
[Opening "QGD Slav defense: exchange variation"]
[ECO "D13"]
[Time "12:54:37"]
[TimeControl "2700+45"]

1. d4 d5 2. c4 c6 3. cxd5 cxd5 4. Nc3 Nf6 5. Nf3 Nc6 6. Bf4 a6 7. e3 Bg4 8. h3
Bxf3 9. Qxf3 e6 10. Bd3 Bd6 11. Bg5 Be7 12. O-O O-O 13. Rfd1 b5 14. Rac1 Rc8 15.
a3 Na5 16. b4 Nc4 17. Bxc4 Rxc4 18. Ne2 Ne4 19. Bxe7 Qxe7 20. Rxc4 Nd2 21. Rxd2
dxc4 22. Rc2 a5 23. Rb2 axb4 24. axb4 Qa7 25. Qe4 Qa3 26. Qc2 Ra8 27. Nc3 Rb8
28. Nb1 Qa8 29. Ra2 Qc6 30. Ra5 Qd6 31. Qc3 h6 32. Qa3 Kh7 33. Nc3 Qc6 34. Ra7
f6 35. Ra6 Qd7 36. Ra8 Rb7 37. Ne4 Qc6 38. Nc5 Re7 39. Qa6 Rc7 40. Qxc6 Rxc6 41.
Ra6 Rc8 42. Rxe6 Kg6 43. Kf1 Rxc5 44. dxc5 {Black resigns} 1-0

[Event "Team 45 45 League T56"]
[Site "Internet Chess Club"]
[Date "2013.03.13"]
[Round "4"]
[White "bmw2002"]
[Black "mongmong"]
[Result "1-0"]
[WhiteElo "1596"]
[BlackElo "1573"]
[Opening "English opening"]
[ECO "A13"]
[Time "20:02:09"]
[TimeControl "2700+45"]

1. c4 e6 2. g3 f5 3. Bg2 Nf6 4. Nc3 Bb4 5. e3 Bxc3 6. bxc3 O-O 7. d4 Qe7 8. a4
d6 9. Ne2 Kh8 10. Ba3 c5 11. O-O e5 12. Rb1 Na6 13. Re1 Rb8 14. Qb3 g5 15. Bc1
Qg7 16. dxe5 dxe5 17. Rd1 b6 18. Qb5 Nc7 19. Qc6 Ba6 20. Rd2 Bxc4 21. a5 Bxe2
22. Rxe2 Qd7 23. Reb2 Qxc6 24. Bxc6 Ncd5 25. Bd2 Rfc8 26. Bxd5 Nxd5 27. axb6
Rxb6 28. c4 Rxb2 29. Rxb2 Nf6 30. Rb7 Ne4 31. Ba5 Nd2 32. Bxd2 {Black resigns}
1-0

[Event "Team 45 45 League T56"]
[Site "Internet Chess Club"]
[Date "2013.03.17"]
[Round "4"]
[White "Grimsey"]
[Black "Zyme"]
[Result "1-0"]
[WhiteElo "1614"]
[BlackElo "1324"]
[Opening "King's Indian: Makagonov system (5.h3)"]
[ECO "E71"]
[Time "16:00:07"]
[TimeControl "2700+45"]

1. d4 Nf6 2. c4 g6 3. Nc3 Bg7 4. e4 d6 5. h3 O-O 6. Bg5 h6 7. Be3 e5 8. d5 Nbd7
9. Nf3 Nh5 10. Qd2 Kh7 11. O-O-O b6 12. g4 Nf4 13. Bxf4 exf4 14. Qxf4 Qe7 15.
Nd4 Bb7 16. h4 h5 17. Qe3 hxg4 18. h5 Ne5 19. hxg6+ Kxg6 20. Nf5 Qg5 21. Qxg5+
Kxg5 22. Nxg7 Ba6 23. Nb5 Rac8 24. Nxa7 Ra8 25. Nc6 Nxc4 26. b3 Ne5 27. Nxe5
dxe5 28. Bxa6 Rxa6 29. a4 Ra5 30. Kb2 Kf4 31. d6 cxd6 32. Rxd6 Rb8 33. Rf6+ Kxe4
34. Re1+ Kd4 35. Nf5+ Kd3 36. Rd6+ Rd5 37. Rxd5# {Black checkmated} 1-0

[Event "Team 45 45 League T56"]
[Site "Internet Chess Club"]
[Date "2013.03.18"]
[Round "4"]
[White "AlPearson"]
[Black "JohLeb"]
[Result "1-0"]
[WhiteElo "1313"]
[BlackElo "1353"]
[Opening "QGD: Marshall defense"]
[ECO "D06"]
[Time "12:08:53"]
[TimeControl "2700+45"]

1. d4 d5 2. c4 Nf6 3. cxd5 Nxd5 4. Nf3 Bg4 5. e4 Nf6 6. Qb3 Bxf3 7. gxf3 b6 8.
d5 Nfd7 9. Bh3 g6 10. Qc3 f6 11. Bf4 Na6 12. Qc4 Ndb8 13. Nc3 Nc5 14. b4 e5 15.
dxe6 Nd3+ 16. Kf1 Nxf4 17. Rd1 Qe7 18. Nb5 Na6 19. Qc6+ {Black resigns} 1-0

[Event "Team 45 45 League T56"]
[Site "Internet Chess Club"]
[Date "2013.03.17"]
[Round "4"]
[White "RookCommander1"]
[Black "chuckh2"]
[Result "1-0"]
[WhiteElo "1214"]
[BlackElo "1278"]
[Opening "French: advance, Paulsen attack"]
[ECO "C02"]
[Time "17:57:16"]
[TimeControl "2700+45"]

1. e4 e6 2. d4 d5 3. e5 c5 4. c3 Nc6 5. Nf3 Qb6 6. Be2 Nge7 7. O-O cxd4 8. cxd4
Nf5 9. Be3 Qxb2 10. Nbd2 Qb6 11. Rb1 Qc7 12. Bb5 Rb8 13. Qa4 Bd7 14. Rfc1 Nfe7
15. Bxc6 Bxc6 16. Qxa7 Nc8 17. Qa4 Qd7 18. Qd1 Be7 19. Ng5 h6 20. Qh5 g6 21. Qh3
Na7 22. Ngf3 Nb5 23. Nb3 Na3 24. Rb2 Nc4 25. Rbc2 Ba3 26. Re1 Qd8 27. Bg5 Qb6
28. Bf6 Rh7 29. Ng5 hxg5 30. Qxh7 Bf8 31. Qg8 Qb4 32. Rf1 Bb5 33. Rb1 Na3 34.
Rc7 Nxb1 35. Qxf7# {Black checkmated} 1-0

[Event "Team 45 45 League T56"]
[Site "Internet Chess Club"]
[Date "2013.03.15"]
[Round "4"]
[White "almond123"]
[Black "Hal2001"]
[Result "0-1"]
[WhiteElo "1496"]
[BlackElo "1634"]
[Opening "Robatsch (modern) defense"]
[ECO "B06"]
[Time "21:04:49"]
[TimeControl "2700+45"]

1. e4 g6 2. d4 Bg7 3. Nf3 c5 4. dxc5 Qa5+ 5. Bd2 Qxc5 6. Nc3 d6 7. Bd3 Nf6 8.
O-O O-O 9. Qe2 Bd7 10. Rad1 Qc7 11. e5 dxe5 12. Qxe5 Qxe5 13. Nxe5 Nc6 14. Nxd7
Nxd7 15. Rb1 a6 16. Rfe1 Nc5 17. Bc4 e6 18. Be3 Nd4 19. Bxd4 Bxd4 20. Ne2 Rad8
21. Nxd4 Rxd4 22. Be2 Rd2 23. Rbc1 Na4 24. b3 Nc3 25. Bf3 b6 26. a4 Rfd8 27. Bb7
Ne2+ 28. Kf1 Nxc1 29. Rxc1 a5 30. Ba6 Rd1+ 31. Rxd1 Rxd1+ 32. Ke2 Rd6 33. Bd3
Kg7 34. Kd2 e5 35. Kc3 Rc6+ 36. Kb2 f5 37. f3 Kf6 38. Ka3 Re6 39. b4 e4 40. fxe4
fxe4 41. Bc4 Re5 42. bxa5 bxa5 43. Kb3 e3 44. Be2 Rd5 45. Kc3 Rd2 46. Bf3 Ke5
47. h3 Kf4 48. Kc4 e2 49. Bxe2 Rxe2 {White resigns} 0-1